 Dungeon Crawl Stone Soup version 0.19.5 (webtiles) character file.

88 JeffiDaFish the Grave Robber (level 4, -3/24 HPs)
             Began as a Deep Elf Necromancer on Nov 16, 2018.
             Killed from afar by Sigmund (10 damage)
             ... with a magic dart
             ... on level 3 of the Dungeon.
             The game lasted 00:05:06 (2020 turns).

JeffiDaFish the Grave Robber (Deep Elf Necromancer) Turns: 2020, Time: 00:05:07

Health: -3/24      AC:  0    Str:  4 (5)  XL:     4   Next: 29%
Magic:  5/11       EV: 13    Int: 21      God:
Gold:   166        SH:  0    Dex: 14 (15) Spells: 3 memorised, 2 levels left

rFire  . . .     SeeInvis .     f - +2 dagger
rCold  . . .     Gourm    .     h - -2 robe (curse)
rNeg   . . .     Faith    .     (no shield)
rPois  .         Spirit   .     (no helmet)
rElec  .         Reflect  .     (no cloak)
rCorr  .         Harm     .     (no gloves)
MR     .....                    (no boots)
Stlth  ++........               (no amulet)
                                (no ring)
                                (no ring)

@: slowed, very slow
A: no striking features
a: no special abilities


You were on level 3 of the Dungeon.
You were not hungry.

You visited 1 branch of the dungeon, and saw 3 of its levels.

You collected 166 gold pieces.

Inventory:

Hand Weapons
 f - a +2 dagger (weapon)
Armour
 a - a +0 robe
 h - a cursed -2 robe (worn)
Scrolls
 e - a scroll of fear
 i - 2 scrolls of identify
 j - a scroll of recharging
Potions
 k - a potion of ambrosia
Books
 b - a book of Necromancy

   Spells                             Type                      Level
   a - Pain                           Necromancy                   1
   b - Animate Skeleton               Necromancy                   1
   c - Vampiric Draining              Necromancy                   3
   d - Regeneration                   Charms/Necromancy            3
   e - Animate Dead                   Necromancy                   4
   f - Control Undead                 Necromancy                   4
Comestibles
 c - a bread ration
 d - a royal jelly
 g - a chunk of flesh


   Skills:
 + Level 3.1 Dodging
 + Level 3.6 Stealth
 + Level 3.9 Spellcasting
 * Level 5.7 Necromancy


You had 2 spell levels left.
You knew the following spells:

 Your Spells              Type           Power        Failure   Level  Hunger
a - Pain                  Necr           ####         1%          1    None
b - Vampiric Draining     Necr           ####......   3%          3    ###....
c - Control Undead        Necr           ####......   14%         4    ####...


Dungeon Overview and Level Annotations

Branches:
Dungeon (3/15)

Altars:

Annotations:
D:3 Sigmund


Message History

Sigmund opens the door.
Sigmund closely misses you.
You close the door.
Sigmund misses you.
You feel yourself speed up. Sigmund casts a spell at you.
You are confused.
Sigmund screams, "You will never...
NEVER!!!"
Sigmund mumbles some strange words.
Sigmund flickers and vanishes!
Deactivating autopickup; reactivate with Ctrl-A.
You bump into the rock wall.
You hear a zap.
You feel yourself slow down.
You bump into the rock wall.
A puff of flame appears from out of thin air!
The puff of flame misses you.
You feel less confused.
A magic dart appears from out of thin air!
The magic dart hits you!
You die...

#########......#.###.....####.#
#......#..............#
#......################
#........# ###'#+###.#
#......##.# #......##.#
#......##.# ###......##@#
#...........# #..)...######
#).....# .).....# ...###+#..
....# .## ###### #


There were no monsters in sight!

Vanquished Creatures
  Jessica (D:2)
  A worm (D:2)
  A dart slug (D:1)
  3 leopard geckos
  3 orcs (D:3)
  A ball python (D:1)
  8 bats
  3 giant cockroaches
  8 goblins
  3 hobgoblins (D:1)
  7 jackals (D:1)
  A kobold (D:1)
  2 frilled lizards (D:1)
  3 rats
45 creatures vanquished.

Notes
Turn   | Place    | Note
-------+----------+-------------------------------------------
     0 | D:1      | JeffiDaFish the Deep Elf Necromancer began the quest for the Orb.
     0 | D:1      | Reached XP level 1. HP: 10/10 MP: 6/6
   377 | D:1      | Reached XP level 2. HP: 15/15 MP: 6/8
   463 | D:1      | Reached skill level 5 in Necromancy
   859 | D:1      | Reached XP level 3. HP: 12/19 MP: 5/10
  1278 | D:1      | Learned a level 3 spell: Vampiric Draining
  1432 | D:2      | Noticed Jessica
  1435 | D:2      | Killed Jessica
  1435 | D:2      | Reached XP level 4. HP: 20/24 MP: 7/11
  1663 | D:2      | Learned a level 4 spell: Control Undead
  1993 | D:3      | Noticed Sigmund
  2020 | D:3      | Killed from afar by Sigmund

Skill      XL: |  1  2  3 |
---------------+----------+-----
Necromancy     | 5 |  5.7
Stealth        | 3 |  3.6
Dodging        | 3 |  3.1
Spellcasting   | |  3.9

Action                   |  1- 3 |  4- 6 || total
-------------------------+-------+-------++-------
Melee: Dagger            |     4 |       ||     4
 Cast: Pain              |    51 |    21 ||    72
       Vampiric Draining |       |     2 ||     2
  Use: Potion            |     4 |       ||     4
       Scroll            |     6 |     1 ||     7
 Stab: Sleeping          |     2 |       ||     2
  Eat: Chunk             |     1 |     2 ||     3
Armor: Robe              |     3 |       ||     3
Dodge: Dodged            |    17 |     5 ||    22
